 Dungeon Crawl Stone Soup version 0.23-a0-642-g3120c2f (webtiles) character file.

2967 Leeroy the Carver (level 9, 0/67 HPs)
             Began as a Yellow Draconian Skald on Dec 30, 2018.
             Was an Elder of Okawaru.
             Slain by a wolf (2 damage)
             ... on level 8 of the Dungeon.
             The game lasted 00:23:22 (6991 turns).

Leeroy the Carver (Yellow Draconian Skald)          Turns: 6991, Time: 00:23:23

Health: 0/67       AC:  8    Str: 13    XL:     9   Next: 52%
Magic:  20/21      EV: 12    Int: 17    God:    Okawaru [****..]
Gold:   392        SH:  0    Dex: 11    Spells: 1/12 levels left

rFire    . . .     SeeInvis .   S - +4 falchion
rCold    . . .     Gourm    .   (no shield)
rNeg     . . .     Faith    .   (armour unavailable)
rPois    .         Spirit   .   (helmet restricted)
rElec    .         Reflect  .   (no cloak)
rCorr    +         Harm     .   T - +0 pair of gloves (curse)
MR       .....                  (no boots)
Stlth    +.........             (no amulet)
HPRegen  0.21/turn              N - ring of magical power
MPRegen  0.17/turn              (no ring)

@: no status effects
A: spit acid, acid resistance, unfitting armour, cold-blooded, AC +7
a: Breathe Acid, Heroism, Renounce Religion


You were on level 8 of the Dungeon.
You worshipped Okawaru.
Okawaru was greatly pleased with you.
You were very hungry.

You visited 2 branches of the dungeon, and saw 9 of its levels.

You collected 392 gold pieces.

Inventory:

Hand Weapons
 d - a +0 hunting sling
 k - a +1 dagger of venom
 l - a cursed -2 spear
 p - a +3 scimitar
 q - a +0 war axe
 u - a cursed +0 hunting sling
 A - a +0 rapier
 B - a +0 blowgun
 D - a +0 trident
 K - a +2 flail of protection
 O - a +0 war axe
 P - a +0 hunting sling
 S - a +4 falchion (weapon)
 U - a +0 whip of pain
 W - a +0 long sword
Missiles
 e - 28 poisoned needles
 f - 8 needles of frenzy
 h - 208 stones
 j - 2 tomahawks of returning
 s - 52 bolts
 v - 94 sling bullets
 C - 51 arrows
 J - 5 javelins (quivered)
 Q - 2 throwing nets
 V - 8 needles of sleeping
 Y - 4 tomahawks
Armour
 T - a cursed +0 pair of gloves (worn)
Jewellery
 N - a ring of magical power (left hand)
Wands
 L - a wand of disintegration (10)
Scrolls
 a - a scroll of brand weapon {unknown}
 i - a scroll of torment {unknown}
 n - 7 scrolls of identify
 o - 2 scrolls of remove curse {unknown}
 r - 5 scrolls of amnesia
 x - a scroll of noise {unknown}
 y - 2 scrolls of fear
 G - 3 scrolls of teleportation {unknown}
 I - 2 scrolls of magic mapping {unknown}
 M - a scroll of blinking {unknown}
Potions
 b - 3 potions of might
 g - a potion of cancellation {unknown}
 m - 2 potions of mutation {unknown}
 t - 4 potions of berserk rage
 w - a potion of flight {unknown}
 z - 2 potions of ambrosia {unknown}
 E - a potion of agility
 F - 2 potions of brilliance {unknown}
 H - a potion of magic {unknown}
Comestibles
 c - 17 rations


   Skills:
 - Level 2.1 Fighting
 - Level 0.2(7.8) Short Blades
 + Level 12.1 Long Blades
 - Level 2.5 Dodging
 - Level 2.0 Spellcasting
 * Level 2.6 Conjurations
 - Level 1.7 Hexes
 - Level 2.6 Charms
 - Level 3.0 Invocations


You had one spell level left.
You knew the following spells:

 Your Spells              Type           Power        Failure   Level  Hunger
b - Spectral Weapon       Hex/Chrm       #.......     24%         3    ###....
c - Regeneration          Chrm/Necr      #.........   32%         3    ###....
d - Shroud of Golubria    Chrm/Tloc      #.........   17%         2    ###....
e - Mephitic Cloud        Conj/Pois/Air  #.......     38%         3    ###....

Your spell library contained the following spells:

 Spells                   Type           Power        Failure   Level  Hunger
 Infusion                 Chrm           ##..         6%          1    #......
 Song of Slaying          Chrm           ##......     10%         2    ###....
 Poisonous Vapours        Pois/Air       #.....       28%         2    ###....
 Conjure Flame            Conj/Fire      #.......     34%         3    ###....
 Freezing Cloud           Conj/Ice/Air   #.........   100%        6    #######
 Ring of Flames           Chrm/Fire      #.........   100%        7    #######


Dungeon Overview and Level Annotations

Branches:
Dungeon (8/15)             Temple (1/1) D:7
   Lair: D:8-11

Altars:
Ashenzari
Cheibriados
Dithmenos
Elyvilon
Fedhas
Gozag
Hepliaklqana
Kikubaaqudgha
Makhleb
Okawaru
Qazlal
Ru
Sif Muna
Trog
Vehumet
Xom
Yredelemnul
The Shining One


Innate Abilities, Weirdness & Mutations

You can spit globs of acid.
You are resistant to acid.
Your golden yellow scales are hard. (AC +7)
You cannot fit into any form of body armour.
You are cold-blooded and may be slowed by cold attacks.


Message History

* * * LOW HITPOINT WARNING * * *
You see here an arrow.
Press: ? - help, v - describe, . - travel, g - get item
Here: a wolf 3 arrows.
The floor, spattered with blood.
You feel sick. The wolf bites you.
* * * LOW HITPOINT WARNING * * *
The wolf misses you.
You riposte.
You barely miss the wolf.
Unknown command.
It was a potion of curing.
You feel better. The wolf bites you!
* * * LOW HITPOINT WARNING * * *
The wolf misses you.
You riposte.
You hit the wolf.
The wolf is moderately wounded.
The wolf bites you!
* * * LOW HITPOINT WARNING * * *
You feel better. The wolf bites you but does no damage. The wolf bites you!
* * * LOW HITPOINT WARNING * * *
The wolf barely misses you. The wolf bites you.
You die...

...... ...$.# .
..... .....# ..
#...# .....#
...##...# .....#
...........# ....#
#.....##.).##....##
#.....##..((......#
##.....#.hh.(.(....#
+......#..@h########
#.....###'## ....##
##.....##...##.....#
#<.................#
#...........)......#
####.<.##...##....##
####'##...#######
#....#.....#
#....#.....#


You could see 3 wolves.

Vanquished Creatures
  A hippogriff (D:7)
  An orc warrior (D:6)
  An ice beast (D:8)
  2 phantoms (D:7)
  6 ogres
  A centaur (D:8)
  A big kobold (D:7)
  3 bullfrogs
  3 scorpions
  10 wights
  A centaur zombie (D:5)
  3 crimson imps
  3 hounds
  A quasit (D:8)
  A gnoll shaman (D:5)
  An orc wizard (D:4)
  A bullfrog skeleton (D:7)
  A centaur skeleton (D:4)
  3 iguanas
  7 worker ants
  2 hound zombies
  A hound skeleton (D:7)
  A howler monkey zombie (D:5)
  7 gnolls
  12 adders
  An ooze (D:2)
  An adder skeleton (D:4)
  A worm (D:2)
  2 dart slugs
  A leopard gecko (D:4)
  17 orcs
  5 giant cockroaches
  22 goblins
  12 hobgoblins
  11 jackals
  3 quokkas
  3 ball pythons
  7 bats
  6 frilled lizards
  2 jackal skeletons (D:4)
  14 kobolds
  A leopard gecko skeleton (D:6)
  11 rats
194 creatures vanquished.

Vanquished Creatures (others)
  2 spectral weapons
2 creatures vanquished.

Grand Total: 196 creatures vanquished

Notes
Turn   | Place    | Note
-------+----------+-------------------------------------------
     0 | D:1      | Leeroy the Draconian Skald began the quest for the Orb.
     0 | D:1      | Reached XP level 1. HP: 17/17 MP: 3/3
   117 | D:1      | Reached XP level 2. HP: 15/24 MP: 5/5
   162 | D:1      | Reached skill level 3 in Long Blades
   194 | D:1      | Found an iron altar of Okawaru.
   214 | D:1      | Became a worshipper of Warmaster Okawaru
   695 | D:1      | Reached XP level 3. HP: 29/29 MP: 6/6
   870 | D:2      | Noticed an ogre
   911 | D:1      | Learned a level 3 spell: Spectral Weapon
   920 | D:2      | Killed an ogre
   920 | D:2      | Reached skill level 5 in Long Blades
   920 | D:2      | Reached XP level 4. HP: 26/36 MP: 3/7
   928 | D:2      | Learned a level 3 spell: Regeneration
  1022 | D:2      | Reached XP level 5. HP: 40/41 MP: 8/8
  1985 | D:3      | Found a sacrificial altar of Ru.
  2416 | D:3      | Reached * piety under Okawaru
  2416 | D:3      | Reached skill level 6 in Long Blades
  2613 | D:4      | Reached XP level 6. HP: 44/48 MP: 9/9
  2647 | D:4      | Learned a level 2 spell: Shroud of Golubria
  2660 | D:4      | Found Koasa's Antique Weapon Shoppe.
  2715 | D:4      | Reached skill level 7 in Long Blades
  2769 | D:4      | Found a white marble altar of Elyvilon.
  3585 | D:5      | Entered Level 5 of the Dungeon
  3626 | D:5      | Your scales start taking on a golden yellow colour.
  3626 | D:5      | Reached XP level 7. HP: 51/55 MP: 8/10
  3668 | D:5      | Reached skill level 8 in Long Blades
  4196 | D:5      | Reached skill level 1 in Invocations
  4443 | D:5      | Reached ** piety under Okawaru
  4741 | D:6      | Reached skill level 9 in Long Blades
  4750 | D:6      | Reached XP level 8. HP: 46/61 MP: 11/11
  5126 | D:5      | Reached skill level 10 in Long Blades
  5150 | D:5      | Reached *** piety under Okawaru
  5151 | D:5      | Reached skill level 1 in Hexes
  6001 | D:7      | Found a staircase to the Ecumenical Temple.
  6011 | Temple   | Entered the Ecumenical Temple
  6245 | D:7      | Reached skill level 11 in Long Blades
  6245 | D:7      | Reached XP level 9. HP: 46/67 MP: 12/12
  6260 | D:7      | Learned a level 3 spell: Mephitic Cloud
  6504 | D:7      | Reached skill level 1 in Conjurations
  6513 | D:7      | Reached **** piety under Okawaru
  6513 | D:7      | Received a gift from Okawaru
  6924 | D:8      | Reached skill level 12 in Long Blades
  6989 | D:8      | HP: 1/67 [wolf (7)]
  6991 | D:8      | Slain by a wolf

Vault maps used:
D:1:      wheals_arrival_shading, okawaru_ov_weapons_minmay
D:2:      minivault_25, minmay_misc_feat_ornament
D:3:      lemuel_doored_altar, first_ration, chequers_serial_rivers_marsh,
          grunt_ministairs_4
D:4:      elyvilon_altar_3, serial_shops, nicolae_shop_statue_plus
D:5:      minmay_ogre_servants
D:7:      temple_green, grunt_ogre_cave, hangedman_decor_clover_reticule
D:8:      gammafunk_jiyva_shrine, minitemple, erik_lair_island,
          patterned_corridor, uniq_grum
Temple:   eino_temple_rhombus

Skill      XL: |  1  2  3  4  5  6  7  8  9 |
---------------+----------------------------+-----
Long Blades    | 3 5 6 7 9 11 12 | 12.1
Invocations    | 2 3 |  3.0
Hexes          | 1 |  1.7
Conjurations   | 2 |  2.6
Fighting       | |  2.1
Short Blades   | |  0.2
Dodging        | |  2.5
Spellcasting   | |  2.0
Charms         | |  2.6

Action                   |  1- 3 |  4- 6 |  7- 9 || total
-------------------------+-------+-------+-------++-------
Melee: Falchion          |    49 |    99 |   242 ||   390
       Dagger            |    45 |   150 |       ||   195
       Tailslap          |    10 |    28 |    37 ||    75
       Scimitar          |       |       |    75 ||    75
Throw: Javelin           |       |       |     4 ||     4
 Cast: Infusion          |     1 |       |       ||     1
       Spectral Weapon   |     1 |     1 |    16 ||    18
       Regeneration      |       |     1 |     2 ||     3
       Shroud of Golubri |       |       |     1 ||     1
  Use: Scroll            |     1 |       |     6 ||     7
       Potion            |       |     2 |     5 ||     7
 Stab: Distracted        |       |       |     1 ||     1
  Eat: Chunk             |       |     9 |    10 ||    19
       Ration            |       |       |     1 ||     1
Armor: Skin              |    26 |    94 |    72 ||   192
Dodge: Dodged            |    66 |   173 |   213 ||   452
       Rpst.: Falchion   |    14 |    12 |    47 ||    73
       Scimitar          |       |       |    13 ||    13

Table legend:
 A = Non-vault XP
 B = Vault XP
 C = Vault XP percentage of total XP
 D = Non-vault monster count
 E = Vault monster count
 F = Vault count percentage of total count
                 A         B        C        D         E       F
            +---------+---------+-------+---------+---------+-------
      Total |    3975 |     264 |   6.2 |     182 |      12 |   6.2
            +---------+---------+-------+---------+---------+-------
        D:1 |      46 |       0 |   0.0 |      32 |       0 |   0.0
        D:2 |     197 |       0 |   0.0 |      22 |       0 |   0.0
        D:3 |     115 |       2 |   1.7 |      25 |       2 |   7.4
        D:4 |     363 |       0 |   0.0 |      22 |       0 |   0.0
        D:5 |     459 |     141 |  23.5 |      23 |       9 |  28.1
        D:6 |    1253 |       0 |   0.0 |      28 |       0 |   0.0
        D:7 |    1136 |     121 |   9.6 |      24 |       1 |   4.0
        D:8 |     406 |       0 |   0.0 |       6 |       0 |   0.0
            +---------+---------+-------+---------+---------+-------
